Map: Catalyst LE

Players

Lambo - Winner!

  • Race: Zerg Zerg
  • Spawn Location: 11:00

eonblu

  • Race: Zerg Zerg
  • Spawn Location: 5:00

Event: IEM Season 12 - Katowice

VOD

Have the link to the VOD?

Description

Time

  • Played on: Feb. 27, 2018, 4:26 a.m.
  • Length: 5:06

All games in this series

Show
View Real Time Build Order
Export as new Build Order

Lambo Zerg - Winner!

Build Orders: Hatch First, Zergling Baneling 

Get SALT Encoding   

  12  0:00  Drone  
  13  0:12  Overlord  
  13  0:17  Drone  
  14  0:30  Drone x2  
  16  0:49  Hatchery  
  15  0:52  Drone  
  15  0:55  Drone  
  17  0:59  Drone  
  18  1:09  Extractor  
  17  1:14  Spawning Pool  
  17  1:17  Drone  
  17  1:21  Drone  
  18  1:28  Drone  
  19  1:39  Overlord  
  19  1:49  Drone  
  20  2:01  Queen x2  
  22  2:02  Zergling x2  
  22  2:03  Zergling x2  
  26  2:09  Metabolic Boost  
  26  2:10  Drone  
  26  2:14  Drone  
  28  2:21  Drone  
  29  2:23  Drone  
  30  2:38  Hatchery  
  29  2:45  Drone  
  29  2:47  Baneling Nest  
  29  2:48  Drone  
  29  2:50  Drone  
  31  2:52  Zergling x2  
  32  2:58  Overlord  
  32  3:01  Zergling x2  
  33  3:08  Overlord  
  33  3:11  Drone x2  
  34  3:15  Zergling x2  
  34  3:18  Drone x2  
  34  3:19  Zergling x2  
  38  3:23  Zergling x2  
  39  3:28  Drone x2  
  39  3:31  Drone  
  41  3:36  Baneling  
  41  3:37  Drone  
  41  3:39  Baneling x2  
  41  3:41  Zergling x6  
  45  3:44  Baneling  
  45  3:46  Drone  
  45  3:47  Overlord  
  46  3:51  Zergling x4  
  46  3:54  Baneling  
  46  3:55  Baneling  
  48  3:58  Zergling x4  
  48  3:59  Zergling x2  
  51  4:04  Queen  
  51  4:08  Zergling x4  
  55  4:12  Zergling x2  
  55  4:13  Zergling x4  
  55  4:19  Drone x4  
  59  4:26  Baneling x2  
  59  4:27  Baneling  
  59  4:29  Drone  
  60  4:39  Overlord  
  60  4:44  Extractor  
  60  4:45  Extractor  
  55  4:46  Roach Warren  
  55  4:49  Drone x3  
Show
View Real Time Build Order
Export as new Build Order

eonblu Zerg 

Build Orders: Hatch First 

Get SALT Encoding   

  12  0:00  Drone  
  13  0:12  Overlord  
  13  0:16  Drone  
  14  0:30  Drone x2  
  16  0:48  Hatchery  
  15  0:52  Drone  
  15  0:55  Drone  
  17  1:06  Extractor  
  17  1:10  Spawning Pool  
  15  1:14  Drone  
  15  1:18  Drone  
  17  1:20  Drone  
  18  1:29  Drone  
  19  1:39  Overlord  
  19  1:56  Queen  
  19  1:58  Zergling x2  
  19  1:59  Queen  
  19  2:00  Drone  
  25  2:01  Drone  
  26  2:08  Metabolic Boost  
  26  2:12  Drone  
  27  2:17  Drone  
  28  2:28  Zergling x4  
  30  2:34  Baneling Nest  
  29  2:38  Drone x2  
  29  2:43  Drone x2  
  33  3:00  Extractor  
  33  3:03  Drone, Hatchery  
  33  3:06  Overlord  
  33  3:13  Zergling x6  
  36  3:24  Zergling x8  
  36  3:25  Zergling x2  
  40  3:35  Zergling x4  
  42  3:44  Drone x2  
  42  3:47  Baneling x2  
  43  3:49  Overlord  
  43  3:55  Extractor  
  42  3:56  Roach Warren  
  42  3:58  Drone  
  42  4:00  Drone  
  42  4:01  Drone x2  
  43  4:07  Overlord  
  38  4:18  Zergling x4  
  38  4:19  Zergling x4  
  38  4:23  Zergling x2  
  39  4:25  Zergling x8  
  39  4:26  Zergling x4  
  45  4:32  Overlord  
  45  4:40  Roach x4  
  45  4:42  Baneling x2  

Tags
 
Add a new tag
Caveats
  • Supply blocks, unpowered buildings, or Contaminate may cause inaccurate times.
  • Supply counts are checked every 10 seconds.